 Dungeon Crawl Stone Soup version 0.25.0-11-g1f837a76a1 (webtiles) character file.

Game seed: 2597913029745266085

2606 Descartes the Thrower (level 9, -2/89 HPs)
             Began as a Troll Hunter on June 27, 2020.
             Slain by a killer bee (10 damage)
             ... on level 8 of the Dungeon.
             The game lasted 00:26:41 (7029 turns).

Descartes the Thrower (Troll Hunter)                Turns: 7029, Time: 00:26:42

Health: -2/89      AC:  7    Str: 24    XL:     9   Next: 33%
Magic:  8/8        EV: 10    Int:  7    God:
Gold:   343        SH:  0    Dex: 11    Spells: 8/8 levels left

rFire    . . .     SeeInvis +     - Unarmed
rCold    . . .     Gourm    +   (no shield)
rNeg     . . .     Faith    .   b - +1 robe
rPois    .         Spirit   .   (helmet restricted)
rElec    .         Reflect  .   (no cloak)
rCorr    .         Harm     .   (gloves unavailable)
MR       .....                  (boots unavailable)
Stlth    +.........             (no amulet)
HPRegen  0.64/turn              (no ring)
MPRegen  0.11/turn              u - ring of see invisible

@: lethally poisoned (-2 -> -7)
A: large, unfitting armour, claws 3, fast metabolism 3, gourmand, regeneration
1, shaggy fur 1, tough skin 3
a: no special abilities


You were on level 8 of the Dungeon.
You were very full.

You visited 2 branches of the dungeon, and saw 9 of its levels.
You also visited: Bailey.

You collected 343 gold pieces.

Inventory:

Hand Weapons
 a - a +1 short sword
Missiles
 c - 3 large rocks
 d - 2 throwing nets
 f - 2 atropa-tipped darts
 g - 25 boomerangs (quivered)
 h - 8 poisoned darts
 i - 4 silver javelins
 p - 7 javelins
 v - 30 arrows
Armour
 b - a +1 robe (worn)
Jewellery
 u - a ring of see invisible (right claw)
Wands
 q - a wand of random effects (19)
 s - a wand of clouds (12)
Scrolls
 e - a scroll of blinking
 l - a scroll of summoning {unknown}
 m - 3 scrolls of fear
 r - a scroll of identify
 w - 2 scrolls of remove curse
 y - 3 scrolls of teleportation
 z - a scroll of enchant weapon
Potions
 j - a potion of heal wounds
 k - a potion of might
 n - a potion of flight
 o - 3 potions of curing
 t - 2 potions of haste
 x - a potion of invisibility
 A - a potion of resistance
 C - a potion of ambrosia


   Skills:
 + Level 6.0 Fighting
 + Level 9.0 Throwing
 - Level 1.5 Dodging
 - Level 0.3 Stealth
 - Level 5.7 Unarmed Combat


You had 8 spell levels left.
You didn't know any spells.
Your spell library was empty.

Dungeon Overview and Level Annotations

Branches:
Dungeon (8/15)             Temple (1/1) D:5          Bailey (visited)
   Lair: D:8-11

Altars:
Ashenzari
Cheibriados
Dithmenos
Elyvilon
Fedhas
Gozag
Hepliaklqana
Kikubaaqudgha
Makhleb
Nemelex Xobeh
Okawaru
Ru
Trog
Uskayaw
Vehumet
Wu Jian
Xom
Yredelemnul
Zin
The Shining One

Shops:
D:3 *   D:5 :


Innate Abilities, Weirdness & Mutations

You are too large for most types of armour.
You have claws for hands.
Your metabolism is lightning-fast.
You like to eat raw meat.
Your natural rate of healing is unusually fast.
You are covered in fur. (AC +1)
You have extremely tough skin. (AC +3)


Message History

The killer bee closely misses you. The orc closely misses you.
You closely miss the killer bee.
The killer bee is almost dead.
You feel sick. The killer bee stings you.
* * * LOW HITPOINT WARNING * * *
The orc hits you but does no damage.
You closely miss the killer bee.
The killer bee is almost dead.
You feel sick. The killer bee barely misses you.
The orc hits you with a +0 short sword.
* * * LOW HITPOINT WARNING * * *
The killer bee stings you but does no damage.
You scratch the killer bee.
The killer bee is almost dead.
You feel sick. The killer bee stings you!
* * * LOW HITPOINT WARNING * * *
The orc hits you but does no damage. The orc hits you with a +0 short sword.
* * * LOW HITPOINT WARNING * * *
The killer bee stings you!
You die...

#............#........o.....#.,,*
#...........###...####.....##*,,,
#..........## #...# ####..# **,,
.########..# #..## #..######
..........## #..# #...##.yo
..........## #..# ##.....y.
#####......# #.o# *#......# #
#####..## #oy# ***#.......# ##
##..###o@##***..........# .##
#....#...#,,...........# #.##
#........#**##.#####.... ##.###
##.......#,,...,,,,#...# ##..##
##.......#,*##,***,#...#
#...####.....(..#,*,,,,,*,*,,,,
*##..............#,*,,,,,*,*,,,,
*#..................,,,_,,,,,,,,,
..................#.*,,,,,*,*,,,,


You could see a killer bee and 3 orcs.

Vanquished Creatures
  A hungry ghost (D:8)
  3 orc warriors (Bailey)
  An ice beast (D:5)
  A sky beast (D:6)
  A phantom (D:5)
  An ogre (D:5)
  4 centaurs
  A crocodile (D:8)
  Blork the orc (D:4)
  4 bullfrogs (D:6)
  A scorpion (D:4)
  3 killer bees (D:8)
  A bullfrog zombie (D:5)
  2 crimson imps
  A jelly (D:5)
  3 hounds
  6 orc priests
  5 worker ants
  5 orc wizards
  A howler monkey zombie (D:5)
  A worker ant zombie (D:6)
  4 adders
  5 gnolls
  2 shadow imps
  An ooze (D:4)
  An adder skeleton (D:4)
  2 worms
  3 dart slugs
  5 leopard geckos
  16 orcs
  2 ball pythons
  11 bats
  9 giant cockroaches
  7 goblins
  12 hobgoblins
  7 jackals
  27 kobolds
  7 quokkas
  5 frilled lizards
  7 rats
180 creatures vanquished.

Vanquished Creatures (others)
  Natasha (D:3)
1 creature vanquished.

Grand Total: 181 creatures vanquished

Notes
Turn   | Place    | Note
-------+----------+-------------------------------------------
     0 | D:1      | Descartes the Troll Hunter began the quest for the Orb.
     0 | D:1      | Reached XP level 1. HP: 19/19 MP: 0/0
   101 | D:1      | Reached skill level 1 in Unarmed Combat
   106 | D:1      | Reached XP level 2. HP: 27/27 MP: 1/1
   232 | D:1      | Reached skill level 4 in Throwing
   306 | D:1      | Reached XP level 3. HP: 25/33 MP: 2/2
   633 | D:1      | You fall into a shaft and drop 1 floor!
   675 | D:2      | Found a faded altar of an unknown god.
   804 | D:2      | Reached XP level 4. HP: 41/41 MP: 3/3
  1416 | D:3      | Found Gozag's Platinum Reserve.
  1847 | D:3      | Reached XP level 5. HP: 48/48 MP: 4/4
  2009 | D:3      | Found an opulent altar of Gozag.
  2741 | D:4      | Noticed Natasha
  2744 | D:4      | Reached skill level 5 in Throwing
  2796 | D:3      | Killed Natasha
  2890 | D:4      | Reached XP level 6. HP: 20/55 MP: 5/5
  3515 | D:4      | Reached skill level 6 in Throwing
  3515 | D:4      | Reached skill level 5 in Unarmed Combat
  3530 | D:4      | Noticed Blork the orc
  3543 | D:4      | Killed Blork the orc
  3543 | D:4      | Reached XP level 7. HP: 33/62 MP: 6/6
  3801 | D:4      | Found a snail-covered altar of Cheibriados.
  3801 | D:4      | Found an iron altar of Okawaru.
  4042 | D:5      | Entered Level 5 of the Dungeon
  4225 | D:5      | Found Tovazouh's Book Emporium.
  4246 | D:5      | Found a staircase to the Ecumenical Temple.
  4255 | Temple   | Entered the Ecumenical Temple
  4943 | D:5      | Reached skill level 7 in Throwing
  5121 | D:5      | Reached XP level 8. HP: 22/75 MP: 7/7
  5765 | D:6      | Reached skill level 8 in Throwing
  6067 | D:6      | Found a bloodstained altar of Trog.
  6068 | D:6      | Found a sacrificial altar of Ru.
  6077 | D:6      | Found an ancient bone altar of Kikubaaqudgha.
  6078 | D:6      | Found a hazy altar of Hepliaklqana.
  6079 | D:6      | Found a shadowy altar of Dithmenos.
  6080 | D:6      | Found a sparkling altar of Nemelex Xobeh.
  6204 | D:6      | Found a burning altar of Makhleb.
  6208 | D:6      | Found an ornate altar of the Wu Jian Council.
  6344 | D:7      | Reached skill level 5 in Fighting
  6500 | D:7      | You fall into a shaft and drop 1 floor!
  6511 | D:8      | Reached XP level 9. HP: 54/88 MP: 8/8
  6524 | D:8      | Found a flagged portal.
  6542 | Bailey   | Entered a bailey
  6834 | Bailey   | Found an iron altar of Okawaru.
  6992 | D:8      | Reached skill level 9 in Throwing
  7029 | D:8      | Slain by a killer bee

Illustrated notes

Levels and vault maps discovered:
D:1:      minmay_arrival_split_and_join, layout_basic, minmay_octomino_c4
D:2:      layout_loops_ring, chequers_ecumenical_altar_twisty
D:3:      layout_basic, nicolae_gozag_zags_fifth_avenue, first_ration
D:4:      layout_layer_cave, gammafunk_temple_overflow_wave, uniq_blork_the_orc,
          uniq_natasha
D:5:      minmay_spotlight, layout_gridville, minmay_temple_entry_stoned_glass,
          serial_shops, nicolae_shop_stone
D:6:      layout_cave_pools, minitemple, grunt_temple_overflow_open
D:7:      layout_cave_pools
D:8:      layout_layer_cave, nicolae_overflow_crystal_walls, enter_bailey_2,
          david_nohive_1, uniq_erica, uniq_maggie
Temple:   compressed_dpeg_triangle_lava_temple

Skill      XL: |  1  2  3  4  5  6  7  8  9 |
---------------+----------------------------+-----
Unarmed Combat | 1 2 3 4 5 |  5.7
Throwing       | 4 5 6 7 8 9 |  9.0
Fighting       | 3 5 6 |  6.0
Dodging        | |  1.5
Stealth        | |  0.3

Action                   |  1- 3 |  4- 6 |  7- 9 || total
-------------------------+-------+-------+-------++-------
Melee: Unarmed           |   137 |   151 |   237 ||   525
       Punch             |       |       |     4 ||     4
Throw: Large rock        |       |     5 |    13 ||    18
       Throwing net      |       |       |     2 ||     2
       Boomerang         |       |       |    41 ||    41
  Use: Scroll            |       |    11 |     8 ||    19
       Potion            |       |       |     2 ||     2
 Stab: Sleeping          |     1 |     1 |     1 ||     3
  Eat: Chunk             |    13 |    25 |    31 ||    69
Armor: Robe              |    66 |    40 |    85 ||   191
Dodge: Dodged            |    81 |    57 |   183 ||   321
